 Dungeon Crawl Stone Soup version 0.28.0-53-g5a82cb258f (webtiles) character file.

Game seed: 5941148636104658987

51 ILmort the Chopper (level 3, -8/33 HPs)
             Began as a Hill Orc Fighter on Aug 20, 2022.
             Killed from afar by Sigmund (11 damage)
             ... with a puff of flame
             ... on level 2 of the Dungeon.
             The game lasted 00:03:12 (1989 turns).

ILmort the Chopper (Hill Orc Fighter)               Turns: 1989, Time: 00:03:13

Health: -8/33      AC:  7    Str: 20    XL:     3   Next: 81%
Magic:  3/3        EV:  9    Int:  8    God:
Gold:   32         SH:  4    Dex: 10    Spells: 2/2 levels left

rFire   . . .      SeeInvis .   a - +0 war axe
rCold   . . .      Faith    .   c - +0 buckler
rNeg    . . .      Spirit   .   b - +0 scale mail
rPois   .          Reflect  .   (no helmet)
rElec   .          Harm     .   (no cloak)
rCorr   .          Rampage  .   (no gloves)
Will    .....                   (no boots)
Stlth   ..........              (no amulet)
HPRegen 0.11/turn               (no ring)
MPRegen 0.08/turn               (no ring)

@: no status effects
A: no striking features
a: no special abilities


You were on level 2 of the Dungeon.
You visited 1 branch of the dungeon, and saw 2 of its levels.

You collected 32 gold pieces.

Inventory:

Hand Weapons
 a - a +0 war axe (weapon)
Missiles
 l - a throwing net (quivered)
Armour
 b - a +0 scale mail (worn)
 c - a +0 buckler (worn)
Scrolls
 e - a scroll of silence {unknown}
 f - a scroll of blinking {unknown}
 k - a scroll of summoning {unknown}
Potions
 d - a potion of might
 g - a potion of attraction {unknown}
 h - a potion of magic {unknown}
 i - a potion of lignification {unknown}
 j - a potion of berserk rage {unknown}


   Skills:
 + Level 4.2 Fighting
 * Level 4.2 Axes
 + Level 3.8 Armour
 - Level 3.2 Shields


You had 2 spell levels left.
You didn't know any spells.
Your spell library contained the following spells:

 Spells                   Type           Power      Damage    Failure   Level
 Summon Ice Beast         Ice/Summ       0%         N/A       100%        4
 Summon Mana Viper        Hex/Summ       0%         N/A       100%        5
 Monstrous Menagerie      Summ           0%         N/A       100%        7


Dungeon Overview and Level Annotations

Branches:
Dungeon (2/15)

Altars:

Annotations:
D:2 Sigmund


Message History

There is a stone staircase leading up, spattered with blood here.
Sigmund gestures at you while chanting. The magic dart hits you.
Sigmund casts a spell at you. You resist with significant effort.
You slash Sigmund! Sigmund casts a spell at you.
You are confused.
You hit Sigmund but do no damage. Sigmund gestures at you while chanting.
The puff of flame hits you.
You miss Sigmund.
Sigmund points at you and mumbles some strange words.
The puff of flame hits you.
Sigmund flickers, as though insubstantial.
Sigmund hits you but does no damage.
You closely miss Sigmund.
Sigmund screams, "Only death can liberate you!"
Sigmund completely misses you.
You bump into the rock wall.
You feel less confused.
You slash Sigmund! Sigmund casts a spell at you.
You resist with significant effort.
You barely miss Sigmund.
Sigmund hits you with a +1 scythe of protection.
You hit Sigmund.
Sigmund hits you with a +1 scythe of protection!
* * * LOW HITPOINT WARNING * * *
You completely miss Sigmund.
Sigmund screams, "Don't try to resist!"
Sigmund hits you with a +1 scythe of protection.
* * * LOW HITPOINT WARNING * * *
You barely miss Sigmund.
Sigmund hits you with a +1 scythe of protection.
* * * LOW HITPOINT WARNING * * *
You barely miss Sigmund. Sigmund casts a spell at you.
The puff of flame hits you!
You die...

#.........# #####.#######.#
#.........# #.# ######
#.###.###.# #.# #....# #)#
#.###.# #.# #....# #.# #.....#
#.# #....# ####.# #########.#
######....# #<.).# #....(....#
....##....######@#####.##########
....##.......# #@................
....##.......# #.#####.#########.
....##.......# #.#.....# #.
....##.......# #.##.############.
...(.........###.##.# #.......#.
..........w..g..>##.# #.#####.#.
.........#...######.####.# #.#.
.........#...# #....#.# #...


You could see Sigmund.

Vanquished Creatures
  3 gnolls
  A worm (D:1)
  2 dart slugs (D:1)
  2 bats (D:1)
  An endoplasm (D:1)
  A goblin (D:1)
  2 hobgoblins (D:1)
  3 ball pythons (D:1)
  A frilled lizard (D:1)
  A kobold (D:1)
  A rat (D:1)
18 creatures vanquished.

Notes
Turn   | Place    | Note
-------+----------+-------------------------------------------
     0 | D:1      | ILmort the Hill Orc Fighter began the quest for the Orb.
     0 | D:1      | Reached XP level 1. HP: 19/19 MP: 1/1
   458 | D:1      | Reached XP level 2. HP: 27/27 MP: 2/2
  1045 | D:1      | Reached XP level 3. HP: 31/33 MP: 3/3
  1453 | D:2      | Noticed Sigmund
  1989 | D:2      | Killed from afar by Sigmund

Illustrated notes

Levels and vault maps discovered:
D:1:      matt_arrival_los_fun, layout_basic, minmay_small_reverse_x
D:2:      layout_basic, nicolae_ecumenical_oubliette, uniq_jessica,
          uniq_terence, uniq_sigmund

Skill      XL: |  1  2  3 |
---------------+----------+-----
Axes           | 3 4 |  4.2
Fighting       | 4 |  4.2
Armour         | |  3.8
Shields        | |  3.2

Action                   || total
-------------------------++-------
Melee: War axe           ||    66
Armor: Scale mail        ||    33
Dodge: Dodged            ||    32
Block: Buckler           ||    11
